Map: Frost LE

Players

Method

  • Race: Terran Terran
  • League: Gold

Nickos - Winner!

  • Race: Terran Terran
  • League: Gold

VOD

Have the link to the VOD?

Description

Time

  • Played on: Sept. 23, 2016, 4:36 a.m.
  • Length: 6:18
Show
View Real Time Build Order
Export as new Build Order

Method Terran 

Build Orders: MMM Bio 

Get SALT Encoding   

  12  0:00  SCV  
  13  0:13  SCV  
  14  0:18  Supply Depot  
  14  0:25  SCV  
  15  0:40  SCV  
  15  0:42  Barracks  
  16  0:52  SCV  
  17  1:03  Supply Depot  
  17  1:04  Refinery, SCV  
  18  1:16  SCV  
  19  1:32  Barracks  
  19  1:33  Orbital Command  
  19  1:40  Marine  
  21  2:07  Barracks  
  21  2:11  Barracks Tech Lab  
  21  2:12  SCV  
  21  2:25  Marine  
  21  2:29  Barracks  
  22  2:33  Stimpack  
  22  2:35  SCV  
  23  2:42  Supply Depot  
  23  2:43  Marine  
  24  2:55  SCV  
  25  3:00  Command Center  
  25  3:01  Reaper, Marine  
  27  3:09  Barracks  
  27  3:19  Marine x2  
  29  3:29  Supply Depot  
  29  3:32  Marine  
  30  3:37  Marine x2  
  32  3:57  Marine x2  
  32  3:58  Marine x2  
  35  4:15  Marine x2  
  37  4:17  Factory  
  37  4:18  Marine  
  37  4:20  Marine  
  39  4:33  Marine x2  
  39  4:36  Marine  
  39  4:37  Marine  
  43  4:41  Combat Shields  
  43  4:48  Engineering Bay  
  43  4:51  Marine  
  44  4:53  SCV  
  44  4:54  Engineering Bay, Marine  
  44  4:57  Refinery  
  46  5:02  Hellion  
  46  5:06  Marine, SCV  
  46  5:07  Marine  
  51  5:24  Hellion  
  31  5:35  Marine x2  
  31  5:36  Marine x2  
  35  5:53  Marine x2  
  35  5:54  Marine  
Show
View Real Time Build Order
Export as new Build Order

Nickos Terran - Winner!

Build Orders:  

Get SALT Encoding   

  12  0:00  SCV  
  13  0:13  SCV  
  14  0:21  Supply Depot  
  14  0:25  SCV  
  15  0:43  SCV  
  15  0:44  Barracks  
  16  0:55  SCV  
  17  1:07  SCV  
  18  1:19  SCV  
  18  1:21  Command Center  
  19  1:31  Orbital Command  
  19  1:33  Marine  
  20  1:44  Barracks  
  20  1:52  Supply Depot  
  20  1:55  Marine  
  21  2:04  SCV  
  22  2:13  Marine  
  23  2:16  Barracks  
  23  2:17  SCV  
  24  2:29  Refinery, SCV  
  25  2:30  Refinery  
  25  2:33  Marine  
  25  2:34  Marine  
  26  2:38  Orbital Command  
  26  2:45  SCV  
  27  2:56  Marine x2  
  29  3:01  SCV  
  29  3:04  SCV  
  31  3:06  Barracks Tech Lab  
  31  3:13  SCV  
  31  3:16  SCV  
  34  3:21  Barracks Reactor  
  34  3:25  SCV  
  34  3:28  Barracks Reactor, SCV  
  34  3:30  Marine  
  36  3:36  Stimpack  
  36  3:37  SCV  
  36  3:40  SCV  
  38  3:49  SCV  
  38  3:52  Marine  
  40  3:59  Marine x2  
  40  4:02  SCV  
  43  4:03  SCV  
  43  4:05  Factory  
  43  4:09  Barracks  
  44  4:10  Marauder  
  44  4:11  Engineering Bay  
  44  4:13  Engineering Bay  
  46  4:17  SCV x2, Marine x2  
  46  4:18  Supply Depot  
  46  4:19  Supply Depot  
  50  4:29  SCV x2  
  50  4:30  Marine  
  50  4:31  Marine  
  54  4:39  Marauder  
  54  4:43  SCV  
  57  4:45  SCV  
  58  4:54  Marine x3  
  58  4:55  SCV  
  58  4:56  Factory Reactor  
  58  4:58  Marine, SCV  
  64  5:08  Refinery  
  64  5:12  Starport  
  63  5:17  Marine x3  
  63  5:18  Marine x2  
  63  5:20  Marine  
  69  5:21  Bunker  
  67  5:35  Marine x3  
  58  5:36  Marine x2  
  58  5:38  Marine  
  62  5:49  SCV x2  
  64  5:52  Marine  
  64  5:53  Marine  
  65  5:58  Marine  
  65  5:59  Marine x3  
  65  6:01  SCV  
Tags
 
Composition
MMM Bio
League
GoldGold
Matchup
TvT
Race
Terran
Replay Pack
Nickos replay
Add a new tag
Caveats
  • Supply blocks, unpowered buildings, or Contaminate may cause inaccurate times.
  • Supply counts are checked every 10 seconds.